 Dungeon Crawl Stone Soup version 0.19-a0-1626-g5215c36 (webtiles) character file.

8029 Amnesiac the Destroyer (level 11, -7/68 HPs)
             Began as a Mummy Wizard on Sept 18, 2016.
             Was a High Priest of Sif Muna.
             Killed by divine providence
             ... invoked by an orc priest
              (14 damage)
             ... on level 2 of the Orcish Mines on Sept 19, 2016.
             The game lasted 00:46:35 (16041 turns).

Amnesiac the Destroyer (Mummy Wizard)              Turns: 16041, Time: 00:46:37

Health: -7/68      AC: 12    Str: 11    XL:     11   Next: 4%
Magic:  10/33      EV: 11    Int: 23    God:    Sif Muna [*****.]
Gold:   747        SH:  5    Dex: 11    Spells: 7 memorised, 6 levels left

rFire  x . .     SeeInvis .     F - staff of conjuration
rCold  + + .     Gourm    .     e - +2 robe {rC+}
rNeg   + + +     Faith    .     I - +2 buckler {AC+3}
rPois  ∞         Spirit   .     C - +2 helmet
rElec  .         Dismiss  .     (no cloak)
rCorr  .         Reflect  .     v - +0 pair of gloves
MR     +....     Harm     .     d - +0 pair of boots
Stlth  ++........               (no amulet)
                                t - +3 ring of intelligence
                                D - ring of magical power

@: divine energy
A: no food or potions, fire vulnerability, cold resistance 1, negative energy
resistance 3, torment resistance, unbreathing
a: Stop Divine Energy, Channel Magic, Forget Spell, Renounce Religion


You were on level 2 of the Orcish Mines.
You worshipped Sif Muna.
Sif Muna was extremely pleased with you.
You were not hungry.

You visited 3 branches of the dungeon, and saw 13 of its levels.

You collected 871 gold pieces.
You spent 124 gold pieces at shops.

Inventory:

Hand Weapons
 j - a +1 trident of protection
 y - a +0 whip of electrocution
 A - a +2 dagger of pain
Armour
 d - a +0 pair of boots (worn)
 e - a +2 robe of cold resistance (worn)
 v - a +0 pair of gloves (worn)
 C - a +2 helmet (worn)
 I - a +2 buckler of protection (worn)
Magical Staves
 F - an uncursed staff of conjuration (weapon)
Jewellery
 k - an uncursed ring of protection from magic
 t - a +3 ring of intelligence (right hand)
 w - an uncursed ring of flight
 D - a ring of magical power (left hand)
Wands
 B - a wand of iceblast (7/15)
 E - a wand of random effects (27/48)
Scrolls
 a - 2 scrolls of immolation
 b - 5 scrolls of identify
 f - 2 scrolls of noise
 i - a scroll of holy word {unknown}
 l - a scroll of magic mapping
 n - 2 scrolls of enchant armour
 q - a scroll of remove curse
 r - a scroll of fog
 s - 3 scrolls of recharging
 u - a scroll of teleportation
Books
 c - a book of Minor Magic

   Spells                             Type                      Level
   a - Magic Dart                     Conjuration                  1
   b - Blink                          Translocation                2
   c - Call Imp                       Summoning                    2
   d - Repel Missiles                 Charms/Air                   2
   e - Slow                           Hexes                        2
   f - Conjure Flame                  Conjuration/Fire             3
   g - Mephitic Cloud                 Conjuration/Poison/Air       3
 h - a book of Enchantments

   Spells                             Type                      Level
   a - Cause Fear                     Hexes                        4
   b - Yara's Violent Unravelling     Hexes/Transmutation          5
   c - Silence                        Hexes/Air                    5
   d - Deflect Missiles               Charms/Air                   6
   e - Haste                          Charms                       6
   f - Discord                        Hexes                        8
 m - a book of Dreams

   Spells                             Type                      Level
   a - Ensorcelled Hibernation        Hexes/Ice                    2
   b - Silence                        Hexes/Air                    5
   c - Darkness                       Hexes                        6
   d - Shadow Creatures               Summoning                    6
 o - a Young Poisoner's Handbook

   Spells                             Type                      Level
   a - Sting                          Conjuration/Poison           1
   b - Mephitic Cloud                 Conjuration/Poison/Air       3
   c - Olgreb's Toxic Radiance        Poison                       4
   d - Alistair's Intoxication        Transmutation/Poison         5
   e - Venom Bolt                     Conjuration/Poison           5
 x - a book of the Dragon

   Spells                             Type                      Level
   a - Flame Tongue                   Conjuration/Fire             1
   b - Cause Fear                     Hexes                        4
   c - Bolt of Fire                   Conjuration/Fire             6
   d - Dragon Form                    Transmutation                7
   e - Dragon's Call                  Summoning                    9
 z - a book of Ice

   Spells                             Type                      Level
   a - Ice Form                       Ice/Transmutation            4
   b - Metabolic Englaciation         Hexes/Ice                    5
   c - Ozocubu's Refrigeration        Ice                          6
   d - Bolt of Cold                   Conjuration/Ice              6
   e - Freezing Cloud                 Conjuration/Ice/Air          6
   f - Simulacrum                     Ice/Necromancy               6
 G - Sif Muna's Collected Works on Bewitchment and Aid
   (Sif Muna gifted it to you on level 1 of the Orcish Mines)

   Spells                             Type                      Level
   a - Infusion                       Charms                       1
   b - Swiftness                      Charms/Air                   2
   c - Confuse                        Hexes                        3


   Skills:
 - Level 1.5 Dodging
 - Level 1.5 Stealth
 - Level 1.3 Shields
 - Level 9.0 Spellcasting
 + Level 11.8 Conjurations
   Level 0.7 Summonings
 - Level 0.7 Translocations


You had 6 spell levels left.
You knew the following spells:

 Your Spells              Type           Power        Failure   Level  Hunger
a - Repel Missiles        Chrm/Air       ##....       14%         2    N/A
b - Blink                 Tloc           N/A          12%         2    N/A
c - Bolt of Cold          Conj/Ice       ######....   95%         6    N/A
e - Mephitic Cloud        Conj/Pois/Air  #####...     6%          3    N/A
f - Venom Bolt            Conj/Pois      ######....   24%         5    N/A
s - Conjure Flame         Conj/Fire      ######..     2%          3    N/A
z - Magic Dart            Conj           ####         1%          1    N/A

Dungeon Overview and Level Annotations

Branches:
Dungeon (10/15)            Temple (1/1) D:5            Lair (0/6) D:8
    Orc (2/2) D:9             Elf (0/3) Orc:2

Altars:
Ashenzari
Cheibriados
Dithmenos
Elyvilon
Gozag
Hepliaklqana
Kikubaaqudgha
Makhleb
Nemelex Xobeh
Okawaru
Ru
Sif Muna
Trog
Uskayaw
Vehumet
Xom
Yredelemnul
Zin
The Shining One
Beogh

Shops:
D:6 *   D:9 *   Orc:1 [   Orc:2 :


Innate Abilities, Weirdness & Mutations

You do not eat or drink.
Your flesh is vulnerable to fire.
You are immune to poison.
Your flesh is cold resistant. (rC+)
You are immune to negative energy. (rN+++)
You are immune to unholy pain and torment.
You can survive without breathing.


Message History

The stinking cloud engulfs the troll.
You hear a shout! x4
The troll is engulfed in noxious fumes.
Casting: Mephitic Cloud
Confirm with . or Enter, or press ? or * to list all spells.
Aiming: Venom Bolt
Press: ? - help, Shift-Dir - straight line, f/p - troll
Aim: a troll (noxious fumes)
You feel a surge of power!
You miscast Venom Bolt.
Sif Muna protects you from the effects of your miscast!
The troll is engulfed in noxious fumes.
Found 25 gold pieces.
Found Osotisyo's Book Emporium.
Okay, then.
Casting: Venom Bolt
Confirm with . or Enter, or press ? or * to list all spells.
You blink.
An orc warrior comes into view. It is wielding a flail.
The orc priest calls down the wrath of Beogh upon you.
Beogh smites you!
You die...

.#.##......###.
............#..$...###
.........................#
..........................
....................#..#.#
....$.....................
......................#o..
...........@..$...........
.........T....o...........
...∩...§..................
..............§..#........
..............§.........##
..................o......#
..........................
...................#......
..........................


You could see a troll, an orc warrior and an orc priest.

Vanquished Creatures
  An orc warlord (Orc:1)
  An unseen horror (D:8)
  A hill giant (D:7)
  A troll (Orc:2)
  A hippogriff (D:7)
  A warg (D:9)
  18 orc warriors
  3 sky beasts
  2 ice beasts
  A phantom (D:4)
  7 ogres
  2 centaurs (D:8)
  11 bullfrogs
  A wyvern skeleton (D:7)
  A scorpion (D:6)
  A crimson imp (D:7)
  2 quasits
  2 hounds (D:4)
  2 jellies (D:7)
  3 bullfrog skeletons
  12 orc priests
  A gnoll shaman (D:4)
  12 orc wizards
  11 worker ants
  A hound skeleton (D:6)
  2 worker ant zombies
  13 adders
  13 gnolls
  A howler monkey skeleton (D:6)
  A shadow imp (D:7)
  An ooze (D:4)
  A worm (D:4)
  2 dart slugs
  8 leopard geckos
  66 orcs
  2 ball pythons
  6 giant cockroaches
  8 goblins
  6 hobgoblins
  13 jackals
  6 kobolds
  3 quokkas
  2 bats (D:1)
  4 frilled lizards
  A leopard gecko skeleton (D:7)
  8 rats
266 creatures vanquished.

Notes
Turn   | Place    | Note
-------+----------+-------------------------------------------
     0 | D:1      | Amnesiac the Mummy Wizard began the quest for the Orb.
     0 | D:1      | Reached XP level 1. HP: 13/13 MP: 4/4
    10 | D:1      | Reached skill level 1 in Conjurations
   527 | D:1      | Reached XP level 2. HP: 19/19 MP: 3/6
   671 | D:3      | Reached skill level 2 in Conjurations
   748 | D:4      | Noticed a phantom
   828 | D:2      | Reached XP level 3. HP: 15/24 MP: 0/7
   947 | D:3      | Learned a level 3 spell: Conjure Flame
  2680 | D:4      | HP: 1/24 [phantom (5)]
  3061 | D:4      | Killed a phantom
  3061 | D:4      | Reached skill level 3 in Conjurations
  3061 | D:4      | Reached XP level 4. HP: 14/30 MP: 1/8
  3238 | D:4      | Reached skill level 4 in Conjurations
  3325 | D:4      | Found a shimmering altar of Xom.
  3336 | D:4      | Reached XP level 5. HP: 28/35 MP: 1/9
  3578 | D:4      | Learned a level 3 spell: Mephitic Cloud
  3595 | D:4      | Reached skill level 5 in Conjurations
  3595 | D:4      | Reached XP level 6. HP: 40/41 MP: 6/10
  4079 | D:4      | Reached skill level 6 in Conjurations
  4334 | D:5      | Entered Level 5 of the Dungeon
  4386 | D:5      | Reached XP level 7. HP: 46/46 MP: 8/11
  4716 | D:5      | Got a smoking buckler
  4722 | D:5      | Identified the +2 buckler of the Hidden Vale {Dex+3} (You found it on level 5 of the Dungeon)
  4790 | D:5      | Reached skill level 1 in Shields
  4954 | D:5      | Found a staircase to the Ecumenical Temple.
  4959 | Temple   | Entered the Ecumenical Temple
  5100 | Temple   | Became a worshipper of Sif Muna the Loreminder
  6390 | D:2      | Reached skill level 7 in Conjurations
  7935 | D:6      | Reached * piety under Sif Muna
  7935 | D:6      | Reached XP level 8. HP: 52/52 MP: 11/14
  8014 | D:6      | Found Iose's Incredible Inventory.
  8083 | D:6      | Learned a level 2 spell: Repel Missiles
  8089 | D:6      | Learned a level 2 spell: Blink
  8307 | D:6      | Found a shadowy altar of Dithmenos.
  8384 | D:6      | Reached skill level 8 in Conjurations
  8775 | D:6      | Found an iron altar of Okawaru.
  9019 | D:7      | Reached ** piety under Sif Muna
  9095 | D:7      | Reached skill level 9 in Conjurations
  9344 | D:7      | Noticed a hill giant
  9417 | D:7      | Killed a hill giant
  9417 | D:7      | Reached XP level 9. HP: 10/57 MP: 1/18
  9858 | D:7      | Reached *** piety under Sif Muna
 10327 | D:8      | Found a staircase to the Lair.
 11815 | D:8      | Killed an unseen horror
 11815 | D:8      | Reached **** piety under Sif Muna
 11815 | D:8      | Reached XP level 10. HP: 31/63 MP: 14/23
 12059 | D:9      | Found Nakkogg's General Store.
 12127 | D:9      | Learned a level 5 spell: Venom Bolt
 12306 | D:10     | Entered Level 10 of the Dungeon
 12669 | D:9      | Reached skill level 10 in Conjurations
 13625 | D:9      | Found a roughly hewn altar of Beogh.
 13625 | D:9      | Found a staircase to the Orcish Mines.
 13811 | Orc:1    | Entered Level 1 of the Orcish Mines
 13818 | Orc:1    | Reached ***** piety under Sif Muna
 14243 | Orc:1    | Found Saash's Antique Armour Shop.
 14256 | Orc:1    | Identified Sif Muna's Collected Works on Bewitchment and Aid (Sif Muna gifted it to you on level 1 of the Orcish Mines)
 14256 | Orc:1    | Received a gift from Sif Muna
 14265 | Orc:1    | Learned a level 6 spell: Bolt of Cold
 14619 | Orc:1    | Noticed an orc warlord
 15031 | Orc:1    | Killed an orc warlord
 15031 | Orc:1    | Reached skill level 11 in Conjurations
 15378 | Orc:1    | Bought a runed robe for 16 gold pieces
 15378 | Orc:1    | Bought a glowing buckler for 108 gold pieces
 15478 | Orc:2    | Entered Level 2 of the Orcish Mines
 15644 | Orc:2    | Found a staircase to the Elven Halls.
 15796 | Orc:2    | Reached XP level 11. HP: 68/68 MP: 11/24
 16037 | Orc:2    | Found Osotisyo's Book Emporium.
 16041 | Orc:2    | Killed from afar by an orc priest

Vault maps used:
D:1:      minmay_arrival_four_houses, serial_forest, infiniplex_forest_end_2,
          infiniplex_forest_clump_medium, infiniplex_forest_clump_curved,
          infiniplex_forest_end_double, infiniplex_forest_lined_corner,
          serial_bayou_lake_a
D:2:      first_bread
D:4:      lemuel_crystal_altar
D:5:      grunt_temple_overflow_forces_of_nature
D:6:      kennysheep_mini_moat, lemuel_coloured_pillars_altar, enter_ossuary_2,
          nicolae_alphabet_shops
D:7:      grunt_ogre_cave
D:8:      wad_pebble_path, dpeg_oklobed_lair
D:9:      david_orc_5, serial_shops, nicolae_shop_temple_entry_statues_fountains
D:10:     evilmike_minifort
Temple:   eino_temple_rhombus
Orc:1:    serial_shops, nicolae_shop_stone, nicolae_orc_stony_grotto
Orc:2:    st_orc_rangers, serial_shops, shop, shop, shop_statue, mines3_lemuel,
          uniq_azrael

Skill      XL: |  1  2  3  4  5  6  7  8  9 10 |
---------------+-------------------------------+-----
Conjurations   | 1 2 3 4 5 6 7 9 11 | 11.8
Shields        | 1 |  1.3
Spellcasting   | 4 6 9 |  9.0
Dodging        | |  1.5
Stealth        | |  1.5
Summonings     | |  0.7
Translocations | |  0.7

Action                   |  1- 3 |  4- 6 |  7- 9 | 10-12 || total
-------------------------+-------+-------+-------+-------++-------
Melee: Unarmed           |    29 |       |       |       ||    29
       Trident           |    12 |    89 |   458 |    38 ||   597
       Staff             |       |       |       |     8 ||     8
 Cast: Magic Dart        |   212 |    49 |   214 |    12 ||   487
       Conjure Flame     |     2 |       |    26 |     2 ||    30
       Mephitic Cloud    |       |     7 |    35 |     2 ||    44
       Repel Missiles    |       |       |     1 |       ||     1
       Blink             |       |       |     1 |     1 ||     2
       Venom Bolt        |       |       |       |   117 ||   117
Invok: Divine Energy     |       |       |     1 |       ||     1
  Use: Scroll            |       |       |    12 |     2 ||    14
 Stab: Confused          |       |     3 |    20 |     1 ||    24
       Sleeping          |       |       |     7 |       ||     7
       Distracted        |       |       |     2 |       ||     2
Armor: Robe              |    16 |    33 |   175 |    31 ||   255
Dodge: Dodged            |    71 |    63 |   196 |    45 ||   375
       Deflected         |       |       |     1 |       ||     1
Block: Buckler           |       |       |   116 |    19 ||   135
